 Dungeon Sprint DCSS version 0.32-a0-131-g9dbbe29261 (webtiles) character file.

Game seed: 798920618881011536

427 rocky1 the Basher (level 6, -2/44 HPs)
             Began as a Gargoyle Gladiator on Feb 9, 2024.
             Was an Initiate of Ashenzari.
             Slain by a wight
             ... wielding a +3 long sword
              (10 damage)
             ... in the Dungeon (Sprint VII: "The Pits").
             The game lasted 00:01:59 (254 turns).

rocky1 the Basher (Gargoyle Gladiator)               Turns: 254, Time: 00:01:59

Health: -2/44      AC: 17    Str: 19    XL:     6   Next: 97%
Magic:  6/6        EV:  9    Int:  9    God:    Ashenzari [......]
Gold:   0          SH:  0    Dex: 11    Spells: 5/5 levels left

rFire   . . .        a - +0 flail
rCold   . . .        (no shield)
rNeg    + . .        q - +3 chain mail
rPois   ∞            c - +0 helmet
rElec   +            (no cloak)
rCorr   .            (no gloves)
SInv    .            (no boots)
Will    .....        (no amulet) Stlth
                     (no ring)
HPRegen 0.27/turn    (no ring)
MPRegen 0.10/turn

%: no teleportation
@: on berserk cooldown, slowed, very slow
A: sickness immunity, AC +4, negative energy resistance 1, electricity
resistance, torment resistance 1, petrification resistance
a: Renounce Religion


You were in the Dungeon.
You worshipped Ashenzari.
Ashenzari was noncommittal.
You visited 1 branch

Inventory:

Hand Weapons
 a - a +0 flail (weapon)
 p - a +0 heavy flail
Missiles
 e - a javelin
Armour
 b - a +0 leather armour
 c - a +0 helmet (worn)
 q - a +3 chain mail (worn)
Scrolls
 k - a scroll of blinking
 m - 2 scrolls of vulnerability
 n - 5 scrolls of amnesia
 o - a scroll of butterflies
Potions
 f - 6 potions of curing
 g - 5 potions of heal wounds
 h - a potion of haste
 i - 4 potions of magic
 j - 2 potions of berserk rage
 l - a potion of invisibility


   Skills:
 * Level 7.3 Fighting
 * Level 10.8 Maces & Flails
 - Level 3.0 Throwing
 + Level 3.8 Armour
 + Level 5.6 Dodging


You had 5 spell levels left.
You didn't know any spells.
Your spell library was empty.

Dungeon Overview and Level Annotations

Branches:
Dungeon (1/1)

Altars:
Ashenzari
Cheibriados
Dithmenos
Elyvilon
Fedhas
Gozag
Hepliaklqana
Kikubaaqudgha
Makhleb
Nemelex Xobeh
Okawaru
Qazlal
Ru
Sif Muna
Trog
Uskayaw
Vehumet
Wu Jian
Xom
Yredelemnul
Zin
The Shining One
Jiyva
Lugonu


Innate Abilities, Weirdness & Mutations

You are immune to sickness and miasma.
Your stone body is resilient. (AC +4)
You are immune to poison.
You resist negative energy. (rN+)
You are resistant to electric shocks. (rElec)
You are resistant to unholy torment.
You are immune to petrification.


Message History

Sigmund hits you with a +1 scythe of flaming!
* * * LOW HITPOINT WARNING * * *
Sigmund burns you.
* * * LOW HITPOINT WARNING * * *
Things that are here:
a +0 whip; a gnoll corpse You hit Sigmund.
Sigmund is moderately wounded.
You closely miss Sigmund.
Sigmund is moderately wounded.
Sigmund hits you but does no damage.
You bludgeon Sigmund!!
You kill Sigmund!
You flicker for a moment.
Your Fighting skill increases to level 6!
Your Maces & Flails skill gained 2 levels and is now at level 10!
Your Armour skill increases to level 3!
You have reached level 6!
You barely miss the gnoll. Your punch misses the gnoll.
You barely miss the gnoll. You sock the gnoll!
You kill the gnoll!
Your Fighting skill increases to level 7!
You sock the wight!
The wight is heavily damaged.
The wight hits you but does no damage.
You bludgeon the wight!!
You destroy the wight!
You are no longer berserk.
You are exhausted.
You feel yourself slow down.
The wight hits you with a +3 long sword.
* * * LOW HITPOINT WARNING * * *
There is an open door, spattered with blood here.
Items here: ))) [[.
You strike the helpless wight from behind!
You hit the wight but do no damage.
You flicker back into view.
The wight hits you with a +3 long sword!
You die...

#.#.....#.[##.....
#.#.....#).#####'#
#.###'###))##.....
#.#.†...#))##.....
#.#.....#..##.....
#)####†##'###...<.
#)#........##.....
#)#........##.....
#@###########.....
#z5.....# ######
#...#...# #...# .#
#.##. #.. #. #..
.. #.. ..


You could see a wight and a white imp.

Vanquished Creatures
  Sigmund (D)
  A gnoll sergeant (D)
  A scorpion (D)
  2 wights (D)
  5 gnolls (D)
  A bat (D)
  A bat skeleton (D)
  2 giant cockroaches (D)
  A hobgoblin (D)
  A quokka (D)
  A ball python (D)
  2 frilled lizards (D)
  A rat (D)
20 creatures vanquished.

Notes
Turn   | Place    | Note
-------+----------+-------------------------------------------
     0 | D        | rocky1 the Gargoyle Gladiator began the quest for the Orb.
     0 | D        | Reached XP level 1. HP: 12/12 MP: 1/1
    11 | D        | Noticed a scorpion
    20 | D        | Killed a scorpion
    21 | D        | Reached skill level 5 in Maces & Flails
    21 | D        | Reached XP level 2. HP: 15/19 MP: 2/2
    21 | D        | Reached XP level 3. HP: 19/23 MP: 3/3
    51 | D        | Found a bloodstained altar of Trog.
    51 | D        | Found a shimmering blue altar of Sif Muna.
    51 | D        | Found a viscous altar of Jiyva.
    51 | D        | Found a hazy altar of Hepliaklqana.
    51 | D        | Found an opulent altar of Gozag.
    52 | D        | Found a glowing golden altar of the Shining One.
    52 | D        | Found a glowing silver altar of Zin.
    52 | D        | Found a basalt altar of Yredelemnul.
    52 | D        | Found a shimmering altar of Xom.
    52 | D        | Found an ornate altar of the Wu Jian Council.
    52 | D        | Found a sacrificial altar of Ru.
    52 | D        | Found a stormy altar of Qazlal.
    52 | D        | Found an iron altar of Okawaru.
    52 | D        | Found a sparkling altar of Nemelex Xobeh.
    52 | D        | Found a burning altar of Makhleb.
    52 | D        | Found a blossoming altar of Fedhas.
    52 | D        | Found a white marble altar of Elyvilon.
    52 | D        | Found a shadowy altar of Dithmenos.
    52 | D        | Found a snail-covered altar of Cheibriados.
    55 | D        | Found a corrupted altar of Lugonu.
    55 | D        | Found a radiant altar of Vehumet.
    56 | D        | Found an ancient bone altar of Kikubaaqudgha.
    56 | D        | Found a hide-covered altar of Uskayaw.
    56 | D        | Found a broken altar of Ashenzari.
    67 | D        | Became a worshipper of Ashenzari the Shackled
    94 | D        | Reached XP level 4. HP: 28/28 MP: 4/4
   192 | D        | Noticed Sigmund
   192 | D        | Noticed a gnoll sergeant
   201 | D        | Reached skill level 6 in Maces & Flails
   230 | D        | Reached skill level 7 in Maces & Flails
   230 | D        | Reached skill level 1 in Armour
   230 | D        | Reached skill level 5 in Dodging
   230 | D        | Reached XP level 5. HP: 22/34 MP: 5/5
   239 | D        | Reached skill level 5 in Fighting
   239 | D        | Reached skill level 8 in Maces & Flails
   247 | D        | Killed Sigmund
   248 | D        | Reached skill level 10 in Maces & Flails
   248 | D        | Reached XP level 6. HP: 16/42 MP: 6/6
   254 | D        | Slain by a wight

Illustrated notes

Levels and vault maps discovered:
D:        pitsprint [storerooms_1, entrance_room_1, metal_vault_3, armoury_2,
          mini_pit_1, grid_room_1, main_hall_1, silver_pit, the_coven_1,
          the_vestibule_1, steel_vault_1, golden_pit, hallway_of_sentries,
          crystal_vault_1, iron_vault_1, final_vault]

Skill      XL: |  1  2  3  4  5  6 |
---------------+-------------------+-----
Fighting       | 3 4 6 7 |  7.3
Maces & Flails | 5 7 10 | 10.8
Throwing       | 2 3 |  3.0
Dodging        | 4 5 |  5.6
Armour         | 1 3 |  3.8

Action                     |  1- 3 |  4- 6 || total
---------------------------+-------+-------++-------
  Melee: Flail             |    13 |    77 ||    90
         Punch             |       |     4 ||     4
  Throw: Throwing net      |       |     3 ||     3
    Use: Potion            |       |     3 ||     3
   Stab: Invisible         |       |     8 ||     8
 Armour: Leather armour    |    11 |    13 ||    24
         Chain mail        |       |    41 ||    41
  Dodge: Dodged            |    13 |    37 ||    50

Table legend: (Time is in decaauts)
 A = Elapsed time spent in this place.
 B = Non-inter-level travel time spent in this place.
 C = Inter-level travel time spent in this place.
 D = Time resting spent in this place.
 E = Time spent auto-exploring this place.
 F = Levels seen in this place.
 G = Mean time per level.
                   A        B        C        D        E       F      G
               +--------+--------+--------+--------+--------+-----+--------+
         Total |    256 |    237 |     19 |      0 |      0 |   1 |  256.0 |
       Dungeon |    256 |    237 |     19 |      0 |      0 |   1 |  256.0 |
               +--------+--------+--------+--------+--------+-----+--------+

Top non-repeatable levels by time:
       D: 256 daAuts
